AoeStats
← carcaage

MegaRandom

509728356Analyzed
4v4 RM · 5d ago on Sep 27, 2026· 63m 43s· 8 players
Game mode
Random Map
Map size
Large (8 player)
Population
200
Speed
Normal
Resources
Standard
Victory
Conquest
Starting age
Dark Age
Ending age
Imperial Age
RankedLock teamsTeams togetherTeam positionsShared explorationLock speedFull tech treeHidden civsTurbo modeCheats
Victory
Defeat
🇪🇸 Cumans · Spain
1141
+16
🇺🇸 Goths · United States
1136
+16
🇲🇽 Spanish · Mexico
1128
+16
🇺🇸 Poles · United States
1115
+17
🇵🇱 Byzantines · Poland
1148
-17
🇦🇷 Magyars · Argentina
1135
-16
🇦🇺 Danes · Australia
1128
-16
🇧🇪 Persians · Belgium
1128
-16
BayofDeath1
9:51 Loom
11:37 Feudal Age
12:55 Double-Bit Axe
20:36 Castle Age
19:47 Wheelbarrow
19:31 Stone Mining
19:40 Horse Collar
21:37 Bow Saw
22:08 Squires
22:22 Heavy Plow
22:10 Pikeman
29:59 Scale Mail Armor
40:48 Imperial Age
39:59 Chain Mail Armor
39:55 Forging
41:13 Hand Cart
41:17 Town Watch
41:55 Conscription
42:49 Two-Man Saw
42:23 Capped Ram
42:47 Halberdier
45:53 Perfusion
51:27 Man-at-Arms
52:13 Anarchy
57:23 Spies/Treason
59:41 Elite Huskarl
61:01 Iron Casting
61:14 Gold Mining
62:01 Stone Shaft Mining
61:48 Sanctity
61:28 Devotion
61:54 Illumination
61:39 Fervor
62:05 Theocracy
61:25 Herbal Medicine
60:53 Elite Skirmisher
60:54 Heavy Cavalry Archer
63:36 Town Patrol
63:09 Sappers
64:11 Crop Rotation
64:14 Coinage
63:55 Guilds
63:45 Caravan
63:54 Scale Barding Armor
eeliaaaas
7:52 Loom
10:00 Feudal Age
15:15 Castle Age
13:49 Double-Bit Axe
18:13 Bow Saw
21:04 Horse Collar
21:16 Gold Mining
27:18 Wheelbarrow
27:45 Stone Mining
27:57 Heavy Plow
27:45 Town Watch
30:53 Forging
30:48 Scale Barding Armor
34:11 Imperial Age
32:30 Hand Cart
32:21 Husbandry
33:40 Iron Casting
33:26 Chain Barding Armor
34:33 Cavalier
35:25 Bloodlines
36:42 Blast Furnace
40:47 Paladin
43:36 Fletching
47:07 Two-Man Saw
46:45 Stone Shaft Mining
47:24 Town Patrol
48:04 Plate Barding Armor
47:25 Bodkin Arrow
51:30 Bracer
52:34 Chemistry
51:55 Ballistics
55:57 Arrowslits
56:20 Siphons
56:36 Shipwright
56:26 Fortified Wall
56:11 Murder Holes
56:27 Careening
56:48 Masonry
56:42 Padded Archer Armor
56:43 Scale Mail Armor
59:02 Spies/Treason
62:32 Inquisition
62:53 Supremacy
63:09 Hoardings
62:04 Sappers
62:55 Conscription
63:56 Leather Archer Armor
63:56 Chain Mail Armor
64:04 Chain Mail Armor
64:23 Architecture
63:44 Guard Tower
64:14 Bombard Tower
tallshanks
10:56 Feudal Age
15:05 Castle Age
14:16 Loom
16:31 Double-Bit Axe
18:07 Horse Collar
20:15 Squires
22:17 Fletching
27:42 Wheelbarrow
27:04 Gold Mining
29:02 Scale Mail Armor
29:13 Forging
28:59 Bodkin Arrow
30:08 Ballistics
29:49 Pikeman
33:45 Imperial Age
32:03 Stone Mining
34:33 Bloodlines
36:01 Chemistry
34:35 Light Cavalry
35:41 Husbandry
38:07 Conscription
37:11 Crossbowman
37:57 Thumb Ring
39:29 Scale Barding Armor
39:25 Bracer
40:00 Iron Casting
40:39 Hoardings
40:54 Guard Tower
41:00 Murder Holes
42:31 Siege Engineers
43:49 Winged Hussar
47:27 Heavy Plow
51:54 Bow Saw
51:47 Town Watch
52:24 Chain Barding Armor
53:04 Blast Furnace
52:14 Arbalester
53:36 Chain Mail Armor
53:24 Padded Archer Armor
55:05 Lechitic Legacy
55:06 Fervor
55:17 Sanctity
55:27 Town Patrol
55:43 Hand Cart
55:30 Caravan
57:28 Plate Mail Armor
57:13 Leather Archer Armor
56:46 Arson
57:23 Bombard Tower
59:10 Stone Shaft Mining
59:15 Crop Rotation
59:23 Coinage
59:09 Fortified Wall
59:34 Keep
58:45 Arrowslits
58:22 Man-at-Arms
60:02 Redemption
60:07 Block Printing
59:53 Devotion
60:29 Theocracy
60:20 Long Swordsman
61:33 Banking
61:35 Szlachta Privileges
60:50 Elite Obuch
61:30 Cavalier
63:26 Spies/Treason
John Kalztan
9:38 Loom
11:42 Feudal Age
12:58 Double-Bit Axe
13:16 Horse Collar
20:06 Bloodlines
21:49 Scale Barding Armor
26:33 Castle Age
25:45 Stone Mining
26:17 Fletching
28:14 Bow Saw
29:08 Bodkin Arrow
29:51 Padded Archer Armor
30:10 Gold Mining
30:51 Leather Archer Armor
31:04 Thumb Ring
31:55 Ballistics
31:35 Town Watch
32:19 Steppe Husbandry
35:09 Chain Barding Armor
36:04 Gold Shaft Mining
36:55 Town Patrol
37:31 Wheelbarrow
42:24 Imperial Age
40:11 Hand Cart
40:38 Forging
43:06 Iron Casting
42:26 Elite Kipchak
43:27 Conscription
44:16 Chemistry
43:44 Parthian Tactics
52:05 Cavalier
54:29 Ring Archer Armor
54:35 Plate Barding Armor
55:01 Blast Furnace
53:38 Paladin
61:16 Spies/Treason
carcaage
4:52 Loom
10:55 Feudal Age
12:27 Double-Bit Axe
15:16 Bloodlines
17:45 Scale Barding Armor
23:52 Castle Age
24:57 Chain Barding Armor
24:57 Husbandry
25:22 Light Cavalry
27:04 Wheelbarrow
27:30 Horse Collar
30:44 Hand Cart
46:08 Imperial Age
45:06 Elite Skirmisher
46:03 Gold Mining
46:26 Bow Saw
47:11 Corvinian Army
48:30 Gold Shaft Mining
47:55 Heavy Scorpion
48:55 Elite Magyar Huszar
49:40 Fletching
SicariusFeroxis
10:54 Feudal Age
12:01 Loom
15:30 Castle Age
14:54 Double-Bit Axe
19:38 Bow Saw
27:27 Wheelbarrow
26:54 Fletching
28:30 Bodkin Arrow
29:07 Elite Skirmisher
31:20 Hand Cart
32:10 Town Watch
32:11 Town Watch
35:08 Imperial Age
33:16 Town Watch
33:16 Town Watch
34:53 Scale Barding Armor
34:51 Devotion
35:16 Husbandry
36:48 Light Cavalry
40:31 Bloodlines
41:21 Chain Barding Armor
41:29 Conscription
43:00 Hussar
44:42 Elite War Elephant
46:02 Plate Barding Armor
46:29 Chemistry
46:39 Murder Holes
tiwaz55
7:49 Loom
11:08 Feudal Age
11:58 Double-Bit Axe
12:10 Horse Collar
20:05 Castle Age
18:06 Stone Mining
18:53 Gold Mining
23:02 Stone Shaft Mining
23:06 Gold Shaft Mining
23:15 Heavy Plow
27:14 Wheelbarrow
26:57 Bow Saw
28:06 Husbandry
33:20 Imperial Age
31:06 Hand Cart
32:16 Husbandry
33:25 Scale Barding Armor
33:27 Elite Cataphract
34:32 Scale Barding Armor
35:07 Forging
35:54 Crop Rotation
36:06 Conscription
37:03 Chain Barding Armor
38:30 Chemistry
37:21 Light Cavalry
39:01 Hoardings
41:31 Plate Barding Armor
40:23 Hussar
43:06 Logistica
46:07 Fletching
46:18 Padded Archer Armor
47:28 Elite Skirmisher
48:13 Thumb Ring
49:50 Bodkin Arrow
50:10 Leather Archer Armor
53:09 Heavy Camel Rider
PMar
8:53 Loom
10:39 Feudal Age
11:45 Double-Bit Axe
13:44 Horse Collar
21:14 Castle Age
19:50 Fletching
20:00 Padded Archer Armor
21:24 Elite Skirmisher
22:48 Bodkin Arrow
30:41 Wheelbarrow
31:43 Scale Mail Armor
31:54 Forging
31:56 Squires
33:25 Chain Mail Armor
34:08 Iron Casting
Connection lost

Rejoining the realm…

Still unreachable

The connection could not be restored.

Session expired

The server has moved on; the page needs a fresh start.